 Dungeon Crawl Stone Soup version 0.31-a0-620-gd1cbd99268 (webtiles) character file.

Game seed: 12050364385448183268

1818836 Midn8 the Conqueror (level 25, 231/231 HPs)
             Began as a Demigod Hunter on Aug 23, 2023.
             Escaped with the Orb
             ... and 3 runes!
             The game lasted 03:01:05 (58560 turns).

Midn8 the Conqueror (Demigod Hunter)               Turns: 58560, Time: 03:01:06

Health: 231/231    AC: 41    Str: 25    XL:     25   Next: 14%
Magic:  27/27      EV: 43    Int: 14    God:
Gold:   2703       SH:  0    Dex: 39    Spells: 23/24 levels left

rFire   + + .        b - +9 longbow (flame)
rCold   + . .        (shield currently unavailable)
rNeg    + . .        f - +8 pearl dragon scales
rPois   +            z - +2 helmet of Moral Flaws {rElec rF+ Will+ Dex-4}
rElec   +            I - +2 cloak {rPois}
rCorr   .            D - +2 pair of gloves {hurl}
SInv    +            H - +2 pair of boots {rampage}
Will    +++..        o - amulet of regeneration
Stlth   +            Q - ring of the Hare {EV+10}
HPRegen 1.38/turn    j - ring of the Queen {rF+ rC+ Str+3 Dex+3}
MPRegen 0.20/turn

%: rampage
@: studying 2 skills
A: high MP 1, forlorn, divine attributes, see invisible, agile 1, clever 1,
frail 1, inability to drink after injury 1, devolution 1
0: Orb of Zot
}: 3/15 runes: serpentine, barnacled, silver
a: no special abilities


You escaped.
You visited 10 branches of the dungeon, and saw 50 of its levels.
You visited 1 bazaar.
You also visited: Gauntlet and Ice Cave.

You collected 10789 gold pieces.
You spent 8086 gold pieces at shops.

Inventory:

Hand Weapons
 a - the +10 arbalest "Nonain" {penet, rN+ Int+3}
   (You bought it in a shop on level 3 of the Depths)

   Int+3:     It affects your intelligence (+3).
   rN+:       It protects you from negative energy.
 b - a +9 longbow of flaming (weapon)
Missiles
 F - 12 curare-tipped darts
 L - 9 throwing nets
Armour
 f - +8 pearl dragon scales (worn)
 z - the +2 helmet of Moral Flaws (worn) {rElec rF+ Will+ Dex-4}
   (You bought it in a shop on level 2 of the Dungeon)

   Dex-4:     It affects your dexterity (-4).
   rF+:       It protects you from fire.
   rElec:     It insulates you from electricity.
   Will+:     It increases your willpower.
 B - a scarf of harm
 D - a +2 pair of gloves of hurling (worn)
 H - a +2 pair of boots of rampaging (worn)
 I - a +2 cloak of poison resistance (worn)
Jewellery
 j - the ring of the Queen (right hand) {rF+ rC+ Str+3 Dex+3}
   (You found it in an ice cave)

   [ring of protection from cold]

   Str+3:     It affects your strength (+3).
   Dex+3:     It affects your dexterity (+3).
   rF+:       It protects you from fire.
   rC+:       It protects you from cold.
 o - an amulet of regeneration (around neck)
 q - a ring of protection from fire
 r - the ring "Duvyhoc" {rC+ MP+9}
   (You found it on level 4 of the Snake Pit)

   [ring of magical power]

   rC+:       It protects you from cold.
   MP+9:      It affects your magic capacity (+9).
 G - a +4 ring of slaying
 K - a +4 ring of protection
 N - a +4 ring of slaying
 Q - the ring of the Hare (left hand) {EV+10}
   (You found it on level 3 of the Elven Halls)

   [ring of evasion]

   EV+10:     It affects your evasion (+10).
Wands
 l - a wand of flame (168)
 u - a wand of paralysis (95)
 x - a wand of polymorph (19)
 A - a wand of acid (13)
 R - a wand of roots (63)
 W - a wand of digging (14)
Scrolls
 c - 29 scrolls of identify
 i - 10 scrolls of blinking
 k - 10 scrolls of fog
 s - 14 scrolls of amnesia
 t - 6 scrolls of revelation
 v - 8 scrolls of vulnerability
 M - 13 scrolls of poison
 O - 18 scrolls of teleportation
 T - 4 scrolls of silence
 U - 10 scrolls of fear
 Y - 3 scrolls of butterflies
 Z - 8 scrolls of immolation
Potions
 d - 19 potions of curing
 e - 7 potions of brilliance
 g - 3 potions of haste
 h - 7 potions of mutation
 m - 6 potions of resistance
 n - 5 potions of invisibility
 p - 7 potions of attraction
 w - 8 potions of enlightenment
 C - 8 potions of might
 E - 4 potions of ambrosia
 J - 7 potions of heal wounds
 P - 4 potions of cancellation
 V - 7 potions of lignification
Miscellaneous
 y - a sack of spiders
 S - a tin of tremorstones (1/2)
 X - a phial of floods


   Skills:
 O Level 27 Fighting
 - Level 22.0 Ranged Weapons
 + Level 18.1 Armour
 - Level 18.0 Dodging
 - Level 0.8 Stealth
 - Level 18.0 Evocations


You had 23 spell levels left.
You knew the following spells:

 Your Spells              Type           Power      Damage    Failure   Level
p - Apportation           Tloc           0%         N/A       50%         1

Your spell library contained the following spells:

 Spells                   Type           Power      Damage    Failure   Level
 Freeze                   Ice            0%         1d3       50%         1
 Kiss of Death            Conj/Necr      0%         2d5       50%         1
 Magic Dart               Conj           0%         1d3       50%         1
 Necrotise                Necr           0%         1d4       50%         1
 Shock                    Conj/Air       0%         1d3       50%         1
 Sting                    Tmut/Pois      0%         1d3       50%         1
 Summon Small Mammal      Summ           0%         N/A       50%         1
 Call Imp                 Summ           0%         N/A       63%         2
 Cigotuvi's Dreadful Rot  Necr/Pois/Air  0%         N/A       63%         2
 Ensorcelled Hibernation  Hex/Ice        0%         N/A       63%         2
 Lesser Beckoning         Tloc           0%         N/A       63%         2
 Poisonous Vapours        Pois/Air       0%         N/A       63%         2
 Scorch                   Fire           0%         2d5       63%         2
 Searing Ray              Conj           0%         2d4       63%         2
 Static Discharge         Conj/Air       0%         2-2/arc   63%         2
 Sublimation of Blood     Necr           0%         N/A       63%         2
 Wereblood                Tmut           0%         N/A       63%         2
 Call Canine Familiar     Summ           0%         N/A       86%         3
 Confusing Touch          Hex            0%         N/A       86%         3
 Dazzling Flash           Conj/Hex       0%         N/A       86%         3
 Frozen Ramparts          Ice            0%         1d1       86%         3
 Gell's Gravitas          Tloc           0%         N/A       86%         3
 Hailstorm                Conj/Ice       0%         3d3       86%         3
 Ignite Poison            Fire/Tmut/Pois 0%         N/A       86%         3
 Inner Flame              Hex/Fire       0%         N/A       86%         3
 Mephitic Cloud           Conj/Pois/Air  0%         N/A       86%         3
 Ozocubu's Armour         Ice            0%         N/A       86%         3
 Portal Projectile        Hex/Tloc       0%         N/A       86%         3
 Summon Guardian Golem    Hex/Summ       0%         N/A       86%         3
 Swiftness                Air            0%         N/A       86%         3
 Teleport Other           Tloc           0%         N/A       86%         3
 Tukima's Dance           Hex            0%         N/A       86%         3
 Vampiric Draining        Necr           0%         2d6       86%         3
 Airstrike                Air            0%         2d(0-16)  99%         4
 Anguish                  Hex/Necr       0%         N/A       99%         4
 Animate Armour           Summ/Erth      0%         N/A       99%         4
 Animate Dead             Necr           0%         N/A       99%         4
 Cause Fear               Hex            0%         N/A       99%         4
 Dispel Undead            Necr           0%         3d6       99%         4
 Flame Wave               Conj/Fire      0%         2d4       99%         4
 Fulminant Prism          Conj/Hex       0%         3d5       99%         4
 Leda's Liquefaction      Hex/Erth       0%         N/A       99%         4
 Olgreb's Toxic Radiance  Pois           0%         N/A       99%         4
 Passage of Golubria      Tloc           0%         N/A       99%         4
 Petrify                  Tmut/Erth      0%         N/A       99%         4
 Sticky Flame             Conj/Fire      0%         2d3       99%         4
 Summon Ice Beast         Ice/Summ       0%         N/A       99%         4
 Summon Lightning Spire   Summ/Air       0%         N/A       99%         4
 Agony                    Necr           0%         N/A       100%        5
 Borgnjor's Vile Clutch   Necr/Erth      0%         N/A       100%        5
 Fireball                 Conj/Fire      0%         3d3       100%        5
 Freezing Cloud           Conj/Ice/Air   0%         6-21      100%        5
 Iskenderun's Battlesphe  Conj           0%         2d6       100%        5
 Lee's Rapid Deconstruct  Erth           0%         3d4*      100%        5
 Metabolic Englaciation   Hex/Ice        0%         N/A       100%        5
 Silence                  Hex/Air        0%         N/A       100%        5
 Summon Mana Viper        Hex/Summ       0%         N/A       100%        5
 Yara's Violent Unravell  Hex/Tmut       0%         3d3       100%        5
 Conjure Ball Lightning   Conj/Air       0%         3x3d6     100%        6
 Death Channel            Necr           0%         N/A       100%        6
 Dispersal                Tloc           0%         N/A       100%        6
 Leda's Unmaking          Conj/Erth      0%         9d1       100%        6
 Simulacrum               Ice/Necr       0%         N/A       100%        6
 Summon Cactus Giant      Summ           0%         N/A       100%        6
 Enfeeble                 Hex            0%         N/A       100%        7
 Malign Gateway           Summ/Tloc      0%         N/A       100%        7
 Monstrous Menagerie      Summ           0%         N/A       100%        7
 Orb of Destruction       Conj           0%         9d5       100%        7
 Spellforged Servitor     Conj/Summ      0%         N/A       100%        7
 Summon Hydra             Summ           0%         N/A       100%        7
 Borgnjor's Revivificati  Necr           0%         N/A       100%        8
 Discord                  Hex            0%         N/A       100%        8
 Ignition                 Fire           0%         3d3       100%        8
 Infestation              Necr           0%         N/A       100%        8
 Lehudib's Crystal Spear  Conj/Erth      0%         10d2      100%        8
 Summon Horrible Things   Summ           0%         N/A       100%        8


Dungeon Overview and Level Annotations

Branches:
Dungeon (15/15)            Temple (0/1) D:5            Lair (5/5) D:9
 Shoals (4/4) Lair:2        Snake (4/4) Lair:2        Slime (0/5) Lair:4
    Orc (2/2) D:12            Elf (3/3) Orc:2        Vaults (5/5) D:14
  Crypt (3/3) Vaults:3       Tomb (0/3) Crypt:3      Depths (4/4) D:15
    Zot (5/5) Depths:4      IceCv (visited)         Gauntlet (visited)

Shops:
D:1 [   D:2 ?=[[   D:4 *   D:6 :   D:7 :   Orc:1 :   Orc:2 =!=[*   Elf:1 !!
Elf:2 (   Shoals:3 !   Snake:4 *   Vaults:3 (   Depths:3 *   Depths:4 :(*

Portals:
Hell: Depths:1 Depths:2 Depths:3 Depths:4
Abyss: Depths:3
Pandemonium: Depths:2 Depths:4
Ziggurat: Depths:1

Annotations:
D:15 4 transporters
Lair:5 exclusion: obsidian statue
Shoals:3 Roxanne
Elf:2 2 runed translucent doors
Depths:1 exclusions: floating eye, great orb of eyes and 2 more exclusions
Depths:3 6 transporters
Zot:3 2 transporters, 3 runed translucent doors, Covvyleb's ghost, veteran DrIE; Feng's ghost, veteran OgBe; Sackuas's ghost, veteran OgBe


Innate Abilities, Weirdness & Mutations

You have an increased reservoir of magic. (+10% MP)
You shall have no god before yourself.
Your divine heritage dramatically boosts your attributes as you level up.
You have supernaturally acute eyesight. (SInv)
You are agile. (Dex +4, Str/Int -1)
Your mind is acute. (Int +4, Str/Dex -1)
You are frail. (-10% HP)
You occasionally lose the ability to drink potions when taking damage.
You have hidden genetic defects.


Message History

You shoot an arrow. The arrow hits the ice devil!!
The arrow burns the ice devil!
The ice devil is almost dead.
There is a stone staircase leading up here.
You climb upwards.
There is a stone staircase leading down here.
What level of the Dungeon? (default 1, ? - help)
There is a stone staircase leading up here.
You climb upwards.
There is a stone staircase leading down here.
There is a stone staircase leading up here.
A soul eater comes into view.
You shoot an arrow.
The arrow hits the soul eater but does no damage.
You shoot an arrow. The arrow hits the soul eater!!
The arrow burns the soul eater!
The soul eater is severely wounded.
No target in view!
A hellion comes into view.
The hellion gives a hideous shriek!
The soul eater completely misses you.
You shoot an arrow. The arrow hits the soul eater!!
The arrow burns the soul eater.
You kill the soul eater!
There is a stone staircase leading up here.
The hellion hits the plant.
The plant begins to die.
You climb upwards.
There is a stone staircase leading down here.
What level of the Dungeon? (default 1, ? - help)
There is a stone staircase leading up here.
You climb upwards.
There is a stone staircase leading down here.
There is an open door here.
You see here a +0 dagger.
There is an open door here.
There is an open door here.
There is an open door here.
There is an open door here.
There is a staircase leading out of the dungeon here.
You have escaped!

.....##+##########.#######.######
.#.#.#.........'.#.# #)..####
..#..#.........#...# ###.....
##.#.#.........###.# ######
#.#.#.........#...##############
##..>#.........######............
.....#.........#.'..############.
##.#.#.........#'#..# ###.
#.#.#.........#@#'### #...
#.#.########'####...# #.#. #.#.#
#......'...# #.#. #.#.#
#......#...# #.#. #.#.#
#...8..##### ##.#.
#.#.######......# #..#.
#.#......)......# #.##.
##..############## #.##. .....#
#.# #.##.


There were no monsters in sight!

Vanquished Creatures
  4 dread liches
  4 orbs of fire
  2 ancient liches
  Sojobo (Vaults:5)
  Bai Suzhen (Crypt:2)
  2 Killer Klowns
  Margery (Vaults:5)
  3 curse toes
  A shard shrike (Zot:4)
  Vashnia (Snake:3)
  Saint Roka (Crypt:2)
  11 golden dragons
  Jory (Crypt:2)
  A profane servitor (Crypt:3)
  A bone dragon (Crypt:3)
  Jorgrun (Elf:1)
  19 tentacled monstrosities
  An electric golem (Zot:5)
  A walking earthen tome (Depths:2)
  A Hell Sentinel (D:5)
  Zenata (Elf:1)
  A walking crystal tome (Depths:2)
  Mlioglotl (Snake:3)
  19 Orb Guardians (Zot:5)
  6 liches
  2 walking frostbound tomes
  2 deep elf blademasters (Elf:3)
  5 quicksilver dragons
  Asterion (Elf:2)
  5 sphinxes
  3 death cobs
  4 titans
  Polyphemus (Shoals:3)
  2 deep elf master archers (Elf:3)
  Agnes (Elf:1)
  9 ancient champions
  Donald (Snake:3)
  19 storm dragons
  11 shadow dragons
  6 tengu reavers (Vaults:5)
  A revenant (Crypt:3)
  A rockslime (IceCv)
  8 draconian monks
  6 nagarajas
  Kirke (Elf:1)
  Aizul (Snake:1)
  3 azure jellies (IceCv)
  7 fire giants
  6 draconian knights
  19 frost giants
  2 narguns (Zot:1)
  9 vault wardens
  An iron dragon (Vaults:5)
  4 deep elf sorcerers
  A balrug (Depths:3)
  2 ghost moths (Zot:5)
  6 deep elf elementalists
  7 draconian shifters
  7 draconian scorchers
  5 draconian annihilators
  10 ghouls
  2 orc warlords
  20 very ugly things
  7 draconian stormcallers
  2 curse skulls
  29 ironbound preservers
  19 stone giants
  4 quicksilver oozes (IceCv)
  2 spriggan defenders (Depths:4)
  2 war gargoyles (Vaults:5)
  4 formless jellyfish
  An elemental wellspring (Shoals:2)
  10 ironbound thunderhulks
  16 green draconians
  4 vampire knights
  3 deep elf demonologists
  Azrael (Snake:1)
  8 red draconians
  11 black draconians
  Nessos (Lair:5)
  13 yellow draconians
  18 dire elephants
  9 deep elf annihilators
  2 eidola
  7 spark wasps
  12 white draconians
  13 purple draconians
  7 deep elf death magi
  Snorg (Lair:5)
  A blizzard demon (Depths:4)
  11 merfolk javelineers
  2 mummy priests (Crypt:3)
  18 ettins
  8 merfolk impalers
  8 fire dragons
  A crystal guardian (Vaults:3)
  4 deep elf high priests
  9 jiangshi
  An entropy weaver (Vaults:1)
  Josephine (D:11)
  14 yaktaur captains
  The ghost of elongatedgoose the Fighter, a journeyman DrSh of Gozag (D:11)
  12 rakshasas
  5 great orbs of eyes
  A peacekeeper (Vaults:3)
  Fannar (Lair:2)
  7 hydras
  3 salamander tyrants (Snake:4)
  8 ice dragons
  3 spriggan air magi
  31 vault guards
  4 ogre magi (Orc:2)
  A spriggan skeleton (Crypt:3)
  8 anacondas
  A catoblepas (Shoals:3)
  4 death knights
  An anaconda (shapeshifter) (Depths:2)
  15 two-headed ogres
  2 merfolk avatars (Shoals:1)
  11 centaur warriors
  8 merfolk aquamancers
  An azure jelly zombie (Crypt:1)
  4 boulder beetles
  2 satyrs (Shoals:3)
  8 ironbound frosthearts
  2 alligator snapping turtles (Shoals:2)
  13 death yaks
  6 deep troll earth magi
  21 naga warriors
  4 deep troll shamans
  4 tengu warriors
  16 dancing weapons
  2 spriggans (Depths:4)
  A sphinx skeleton (D:15)
  5 spriggan berserkers
  A quicksilver ooze zombie (Crypt:2)
  4 vampire magi
  11 shock serpents
  13 hell knights
  5 deep elf knights
  2 soul eaters
  2 sun demons
  Amaemon (Lair:2)
  13 naga sharpshooters
  3 shadow wraiths
  4 iron trolls
  9 salamander mystics
  5 skysharks
  16 skeletal warriors
  41 deep trolls
  13 sea snakes
  A spectral anaconda (Lair:5)
  A bunyip zombie (Crypt:1)
  A storm dragon skeleton (Vaults:5)
  2 golden dragon zombies
  3 wizards
  A quicksilver dragon simulacrum (Vaults:5)
  An anaconda zombie (Crypt:2)
  4 glowing orange brains
  5 flayed ghosts
  6 bog bodies
  3 naga ritualists
  2 orange crystal statues (IceCv)
  25 harpies
  3 deep elf archers (Elf:1)
  19 necromancers
  25 ironbound convokers
  8 lindwurms
  14 deep elf pyromancers
  11 deep elf zephyrmancers
  11 phantasmal warriors
  2 bunyip skeletons (Crypt:1)
  10 orc knights
  An iron dragon zombie (Crypt:3)
  A golden dragon skeleton (Vaults:5)
  2 frost giant zombies (D:15)
  24 ugly things
  An oklob plant (Lair:4)
  9 fauns
  An orc sorcerer (Crypt:2)
  13 mana vipers
  A shadow dragon skeleton (Crypt:2)
  34 salamanders
  A stone giant zombie (D:15)
  A stone giant skeleton (Crypt:3)
  12 manticores
  10 cyclopes
  8 guardian serpents
  An elf zombie (Vaults:5)
  A rust devil (Depths:4)
  21 elephants
  25 black mambas
  7 naga magi
  16 water nymphs
  Jeremiah (D:6)
  17 moths of wrath
  11 merfolk sirens
  2 ice statues (Snake:3)
  2 torpor snails (Lair:4)
  3 orange demons
  14 vault sentinels
  3 smoke demons
  11 cane toads
  A cane toad (shapeshifter) (D:14)
  3 gargoyles
  A rime drake (shapeshifter) (D:13)
  An unseen horror (D:12)
  A yellow draconian zombie (Crypt:2)
  10 komodo dragons
  9 freezing wraiths
  6 rime drakes
  22 yaktaurs
  An alligator snapping turtle skeleton (Crypt:3)
  A tengu conjurer (Depths:3)
  35 merfolk
  An orb spider zombie (Crypt:3)
  A catoblepas skeleton (Crypt:1)
  2 guardian mummies (Crypt:3)
  A red devil (Depths:4)
  10 trolls
  4 hornets
  9 wind drakes
  A harpy zombie (Crypt:1)
  2 polar bears
  A mana viper skeleton (Crypt:3)
  Prince Ribbit (D:7)
  A hellwing (Depths:4)
  An ice dragon zombie (Crypt:1)
  2 harpy skeletons (Crypt:3)
  A radroach zombie (Crypt:3)
  10 snapping turtles
  A spectral elephant (Lair:5)
  A stone giant simulacrum (Crypt:2)
  13 blink frogs
  12 dream sheep
  A jumping spider zombie (Crypt:2)
  A centaur simulacrum (Crypt:1)
  A slime creature (shapeshifter) (Vaults:5)
  11 air elementals
  A ynoxinul (Depths:4)
  34 slime creatures
  A spriggan (shapeshifter) (D:15)
  A shadow (D:13)
  34 water elementals
  An ice dragon skeleton (Crypt:3)
  15 wraiths
  8 wyverns
  A slime creature zombie (Crypt:1)
  A naga simulacrum (Crypt:3)
  6 fire elementals
  3 ushabtiu (Crypt:3)
  40 yaks
  A dire elephant simulacrum (Crypt:3)
  3 basilisks
  4 hogs (Elf:1)
  Grum (D:8)
  An elf skeleton (Vaults:5)
  2 death yak simulacra (Lair:5)
  A golden eye (shapeshifter) (Depths:1)
  A human (shapeshifter) (D:13)
  A redback (Vaults:1)
  2 vampire mosquitoes (D:13)
  A neqoxec (Depths:4)
  A glowing shapeshifter zombie (Vaults:5)
  3 wargs
  A water nymph zombie (Crypt:1)
  49 nagas
  5 acid dragons
  A warg (shapeshifter) (Vaults:5)
  2 hell hounds (Snake:1)
  A water nymph skeleton (Crypt:1)
  Menkaure (D:7)
  A cane toad zombie (Crypt:2)
  2 hydra simulacra (Zot:4)
  A floating eye (Depths:1)
  13 water moccasins
  3 naga skeletons
  A black bear (D:4)
  15 orc warriors
  A blink frog zombie (Crypt:1)
  An ettin simulacrum (Crypt:1)
  4 ice beasts
  A sky beast (D:7)
  24 ogres
  4 great orb of eyes simulacra (IceCv)
  8 centaurs
  2 elephant skeletons
  A swamp dragon skeleton (Crypt:1)
  33 wolves
  2 slime creature simulacra (IceCv)
  A lindwurm skeleton (Crypt:1)
  Blork the orc (D:6)
  3 kobold brigands
  15 bullfrogs
  A gnoll sergeant (D:9)
  A bullfrog (shapeshifter) (Depths:2)
  3 earth elementals
  3 necrophages
  4 scorpions
  2 human skeletons (Vaults:5)
  6 glowing shapeshifter simulacra (IceCv)
  2 cane toad simulacra (Lair:5)
  7 wights
  A shapeshifter zombie (Crypt:3)
  A raiju zombie (Crypt:3)
  5 killer bees (D:8)
  A yak zombie (Crypt:1)
  2 elephant simulacra (Lair:5)
  9 electric eels
  A howler monkey (D:6)
  6 jellies
  A gnoll bouda (Orc:2)
  16 orc priests
  2 hounds
  A sleepcap (D:6)
  Jessica (D:2)
  Ijyb (D:5)
  2 iguanas
  18 orc wizards
  2 polar bear simulacra (Lair:3)
  5 hell rats
  A scorpion zombie (Crypt:1)
  5 yak simulacra (Lair:3)
  A killer bee zombie (Crypt:2)
  2 wolf simulacra (Lair:3)
  A howler monkey zombie (Crypt:3)
  13 gnolls
  A river rat (D:9)
  5 adders
  A howler monkey skeleton (Crypt:3)
  3 shadow imps (D:4)
  3 white imps
  An ufetubus (D:6)
  5 dart slugs
  61 orcs
  8 endoplasms
  2 giant cockroaches (D:3)
  9 goblins
  9 hobgoblins
  3 jackals (D:3)
  8 quokkas
  3 ball pythons
  A ball python skeleton (Crypt:2)
  A ball python zombie (Crypt:1)
  10 bats
  An endoplasm zombie (Crypt:3)
  A frilled lizard (D:2)
  19 kobolds
  A kobold zombie (Crypt:2)
  An orc zombie (Crypt:1)
  9 rats
  2 river rat simulacra (Lair:3)
2182 creatures vanquished.

Vanquished Creatures (others)
  2 Orb Guardians (Zot:5)
  A draconian knight (Depths:4)
  A very ugly thing (Depths:3)
  A hell knight (Depths:2)
  2 mana vipers (Snake:1)
  A goliath frog skeleton (Crypt:3)
  A blink frog (Lair:5)
  A slime creature (IceCv)
  An orc (Crypt:2)
11 creatures vanquished.

Grand Total: 2193 creatures vanquished

Notes
Turn   | Place    | Note
-------+----------+-------------------------------------------
     0 | D:1      | Midn8 the Demigod Hunter began the quest for the Orb.
     0 | D:1      | Reached XP level 1. HP: 17/17 MP: 3/3
    40 | D:1      | Found Upliadd's Antique Armour Shop.
   103 | D:1      | Reached XP level 2. HP: 24/24 MP: 4/4
   735 | D:2      | Reached XP level 3. HP: 29/29 MP: 5/5
   769 | D:2      | Found Moris's Antique Armour Boutique.
   854 | D:2      | Found Zurood's Jewellery Shop.
   872 | D:2      | Identified the +2 leather armour "Ziedacy" {Harm rC+ Str+3}
   949 | D:2      | You fall into a shaft and drop 1 floor!
  1005 | D:2      | Found Aferr's Magic Scroll Boutique.
  1021 | D:2      | Bought a scroll of identify for 20 gold pieces
  1038 | D:2      | Noticed Jessica
  1043 | D:2      | Killed Jessica
  1044 | D:2      | Reached skill level 5 in Ranged Weapons
  1127 | D:2      | Found Tiehuch's Armour Shoppe.
  1461 | D:2      | Reached XP level 4. HP: 36/36 MP: 6/6
  2201 | D:4      | Reached skill level 2 in Fighting
  2201 | D:4      | Reached XP level 5. HP: 17/42 MP: 7/7
  2330 | D:4      | Found a transporter.
  2422 | D:4      | Found a transporter.
  2482 | D:4      | Reached skill level 3 in Fighting
  2553 | D:4      | Reached XP level 6. HP: 23/52 MP: 8/8
  2788 | D:4      | Reached skill level 4 in Fighting
  2821 | D:4      | Found Aniwab's Assorted Antiques.
  3052 | D:2      | Bought a twisted helmet for 266 gold pieces
  3052 | D:2      | Identified the +2 helmet of Moral Flaws {rElec rF+ Will+
                  | Dex-4} (You bought it in a shop on level 2 of the Dungeon)
  3111 | D:5      | Entered Level 5 of the Dungeon
  3397 | D:5      | Noticed Ijyb
  3411 | D:5      | Killed Ijyb
  3412 | D:5      | Reached XP level 7. HP: 15/59 MP: 9/9
  3511 | D:5      | Found a staircase to the Ecumenical Temple.
  4011 | D:6      | Found Ahudwadgh's Self-Published Books.
  4145 | D:6      | Noticed Blork the orc
  4147 | D:6      | Reached XP level 8. HP: 66/66 MP: 10/10
  4158 | D:6      | Killed Blork the orc
  4223 | D:6      | Reached skill level 5 in Dodging
  4252 | D:6      | Reached skill level 1 in Evocations
  4288 | D:6      | Noticed Jeremiah
  4768 | D:6      | Killed Jeremiah
  4769 | D:6      | Reached skill level 5 in Evocations
  5175 | D:7      | Noticed Menkaure
  5179 | D:7      | Killed Menkaure
  5190 | D:7      | Noticed Prince Ribbit
  5201 | D:7      | Killed Prince Ribbit
  5202 | D:7      | Reached XP level 9. HP: 40/71 MP: 11/11
  5477 | D:7      | Found Pemuabru's Book Emporium.
  6229 | D:8      | Identified the +7 rapier of Ad Valorem {freeze, Int+7
                  | Dex+3}
  6257 | D:8      | Noticed Grum
  6263 | D:8      | Reached skill level 10 in Ranged Weapons
  6290 | D:8      | Killed Grum
  6291 | D:8      | Reached skill level 5 in Fighting
  6483 | D:2      | Bought a +2 troll leather armour for 270 gold pieces
  7339 | D:8      | Reached skill level 6 in Fighting
  7554 | D:9      | Identified a scroll of acquirement
  7555 | D:9      | Acquired 844 gold pieces
  7699 | D:2      | Bought a pair of pitted gloves for 266 gold pieces
  7699 | D:2      | Identified the +0 pair of gloves of Qiwkymuw {+Inv rPois
                  | rC+} (You bought it in a shop on level 2 of the Dungeon)
  7734 | D:2      | Bought a +6 ring of dexterity for 504 gold pieces
  7916 | D:9      | Noticed a death yak
  7938 | D:9      | Noticed a death yak
  7999 | D:8      | Killed a death yak
  8000 | D:8      | Reached skill level 7 in Fighting
  8000 | D:8      | Reached XP level 10. HP: 41/86 MP: 13/13
  8161 | D:9      | Found a staircase to the Lair.
  8201 | D:9      | Noticed a death yak
  8286 | D:8      | HP: 4/88 [death yak (17)]
  8287 | D:8      | Killed a death yak
  8288 | D:8      | Reached skill level 8 in Fighting
  8381 | Lair:1   | Entered Level 1 of the Lair of Beasts
  8649 | Lair:1   | Reached XP level 11. HP: 78/94 MP: 14/14
  8957 | Lair:1   | Identified the staff "Miomn" {rC+ rN++ Int+6 Ice}
  9388 | Lair:2   | Found a staircase to the Snake Pit.
  9444 | Lair:2   | Noticed a boulder beetle
  9471 | Lair:2   | Killed a boulder beetle
  9537 | Lair:2   | Reached skill level 9 in Fighting
  9629 | Lair:2   | Noticed Fannar
  9779 | Lair:2   | Killed Fannar
  9891 | Lair:2   | Reached skill level 10 in Fighting
 10132 | Lair:2   | Found a staircase to the Shoals.
 10193 | Lair:2   | Noticed Amaemon
 10207 | Lair:2   | Killed Amaemon
 10428 | Lair:3   | Found a gate leading to a gauntlet.
 10456 | Gauntlet | Entered a Gauntlet
 10456 | Gauntlet | Found a transporter.
 10472 | Gauntlet | Found a transporter.
 10485 | Gauntlet | Found a transporter.
 10494 | Gauntlet | Found a transporter.
 10499 | Gauntlet | Found a transporter.
 10507 | Gauntlet | Noticed a thrashing horror
 10514 | Gauntlet | Found a transporter.
 10533 | Gauntlet | Found a transporter.
 10545 | Gauntlet | Found a transporter.
 10549 | Gauntlet | Noticed a hell beast
 10552 | Gauntlet | Found a transporter.
 10569 | Gauntlet | Found a transporter.
 10574 | Gauntlet | Found a transporter.
 10587 | Gauntlet | Noticed a death yak
 10587 | Gauntlet | Noticed a death yak
 10588 | Gauntlet | Noticed a death yak
 10588 | Gauntlet | Noticed a death yak
 10589 | Gauntlet | Found a transporter.
 10589 | Gauntlet | Noticed a death yak
 10589 | Gauntlet | Noticed a death yak
 10594 | Gauntlet | Found a transporter.
 10599 | Gauntlet | Noticed a necromancer
 10609 | Gauntlet | Found a transporter.
 10610 | Gauntlet | Noticed a balrug
 10614 | Gauntlet | Found a transporter.
 10653 | Gauntlet | Found a transporter.
 10680 | Gauntlet | Found a transporter.
 10684 | Gauntlet | Found a transporter.
 10980 | Lair:3   | Noticed a necromancer
 10993 | Lair:2   | Killed a necromancer
 11079 | Lair:3   | Noticed a boulder beetle
 11093 | Lair:3   | Killed a boulder beetle
 11094 | Lair:3   | Reached XP level 12. HP: 78/106 MP: 15/15
 11618 | Lair:4   | Found a staircase to the Slime Pits.
 12287 | Lair:4   | Noticed a four-headed hydra
 12304 | Lair:4   | Killed a four-headed hydra
 12675 | Lair:4   | Reached skill level 15 in Ranged Weapons
 12746 | Lair:5   | Entered Level 5 of the Lair of Beasts
 12747 | Lair:5   | Noticed Nessos
 12747 | Lair:5   | Noticed Snorg
 12859 | Lair:5   | Noticed a boulder beetle
 13085 | Lair:5   | Reached XP level 13. HP: 113/113 MP: 16/16
 13340 | Lair:5   | Killed Nessos
 13584 | Lair:5   | Killed Snorg
 13648 | Lair:5   | Reached skill level 11 in Fighting
 13901 | Lair:5   | Reached skill level 12 in Fighting
 14142 | Lair:5   | Noticed a dire elephant
 14142 | Lair:5   | Noticed a dire elephant
 14142 | Lair:5   | Noticed a dire elephant
 14167 | Lair:5   | Noticed a dire elephant
 14176 | Lair:5   | Killed a dire elephant
 14284 | Lair:5   | Noticed a dire elephant
 14339 | Lair:5   | Killed a dire elephant
 14540 | Lair:5   | Killed a dire elephant
 14574 | Lair:5   | Killed a dire elephant
 14611 | Lair:5   | Killed a dire elephant
 14612 | Lair:5   | Reached XP level 14. HP: 126/126 MP: 17/17
 15443 | D:9      | Found a staircase to the Lair.
 15745 | D:10     | Entered Level 10 of the Dungeon
 16438 | D:11     | Noticed Josephine
 16442 | D:11     | Killed Josephine
 17193 | D:11     | Found a runed translucent gate.
 17193 | D:11     | Found a runed translucent gate.
 17195 | D:11     | Found a runed translucent gate.
 17196 | D:11     | Noticed elongatedgoose's ghost (journeyman DrSh)
 17212 | D:11     | Killed elongatedgoose's ghost
 17226 | D:11     | Gained mutation: You are partially covered in iridescent
                  | scales. (AC +2) [potion of mutation]
 17226 | D:11     | Gained mutation: You are agile. (Dex +4, Str/Int -1)
                  | [potion of mutation]
 17226 | D:11     | Gained mutation: You occasionally lose the ability to drink
                  | potions when taking damage. [potion of mutation]
 17406 | D:12     | Found a staircase to the Orcish Mines.
 18600 | D:13     | Reached skill level 13 in Fighting
 19188 | D:14     | Found a gate to the Vaults.
 19580 | Orc:1    | Entered Level 1 of the Orcish Mines
 19675 | Orc:2    | Entered Level 2 of the Orcish Mines
 19688 | Orc:2    | Found Qadeuqi's Assorted Antiques.
 19726 | Orc:2    | Found a staircase to the Elven Halls.
 19975 | Orc:2    | Reached skill level 14 in Fighting
 20080 | Orc:2    | Reached XP level 15. HP: 138/138 MP: 18/18
 20091 | Orc:2    | Found Gegime's Distillery.
 20091 | Orc:2    | Found Mierrech's Jewellery Emporium.
 20094 | Orc:2    | Found Upiv's Antique Armour Shoppe.
 20094 | Orc:2    | Found Entoric's Jewellery Shop.
 20290 | Orc:1    | Found Gapiuhel's Vocational Training.
 20315 | Orc:1    | You fall into a shaft and drop 1 floor!
 20724 | D:15     | Entered Level 15 of the Dungeon
 20864 | D:15     | Found a staircase to the Depths.
 21011 | D:15     | Found a transporter.
 21024 | D:15     | Found a transporter.
 21026 | D:15     | Found a transporter.
 21494 | D:15     | Found a transporter.
 21609 | D:15     | Identified the +1 helmet of Bitterness {Harm Str+2}
 21831 | Snake:1  | Entered Level 1 of the Snake Pit
 22070 | D:1      | Bought shiny pearl dragon scales for 2246 gold pieces
 22515 | Snake:1  | Reached skill level 1 in Armour
 22557 | Snake:1  | Noticed Aizul
 22580 | Snake:1  | Killed Aizul
 22586 | Snake:1  | HP: 10/207 [poisoned by Aizul (bolt of poison)]
 22591 | Snake:1  | HP: 7/207 [poisoned by Aizul (bolt of poison)]
 22597 | Snake:1  | HP: 9/207 [poisoned by Aizul (bolt of poison)]
 23322 | Snake:1  | Reached skill level 5 in Armour
 23327 | Snake:1  | Noticed Azrael
 23356 | Snake:1  | Killed Azrael
 24078 | Snake:2  | Noticed a nagaraja
 24136 | Snake:2  | Killed a nagaraja
 24594 | Snake:3  | Noticed a nagaraja
 24599 | Snake:3  | Killed a nagaraja
 24636 | Snake:3  | Reached XP level 16. HP: 146/146 MP: 19/19
 24767 | Snake:3  | Noticed Vashnia
 24786 | Snake:3  | Killed Vashnia
 24871 | Snake:3  | Noticed Mlioglotl
 24878 | Snake:3  | Killed Mlioglotl
 24888 | Snake:3  | Found a frozen archway.
 24914 | IceCv    | Entered an ice cave
 25050 | IceCv    | Reached skill level 15 in Fighting
 25268 | IceCv    | Identified the +1 robe "Taru" {Rampage rPois rF- Str+2}
 25398 | IceCv    | Got the ring of the Queen {rF+ rC+ Str+3 Dex+3}
 25892 | Snake:3  | Reached skill level 16 in Fighting
 26496 | Snake:4  | Entered Level 4 of the Snake Pit
 26612 | Snake:4  | Noticed Donald
 26639 | Snake:3  | Killed Donald
 26921 | Snake:4  | Found Biora's Assorted Antiques.
 26929 | Snake:4  | Bought a scroll of blinking for 210 gold pieces
 27448 | Snake:4  | Identified the ring "Duvyhoc" {rC+ MP+9}
 27542 | Snake:4  | Reached skill level 10 in Dodging
 27597 | Snake:4  | Reached XP level 17. HP: 155/158 MP: 20/20
 27886 | Snake:4  | Reached skill level 17 in Fighting
 27946 | Snake:4  | Learned a level 1 spell: Apportation
 28032 | Snake:4  | Got a serpentine rune of Zot
 28621 | Shoals:1 | Entered Level 1 of the Shoals
 29344 | Shoals:2 | Reached skill level 18 in Fighting
 29978 | Shoals:2 | Reached skill level 10 in Evocations
 29978 | Shoals:2 | Reached skill level 10 in Armour
 30153 | Shoals:3 | Noticed Polyphemus
 30165 | Shoals:3 | Killed Polyphemus
 30185 | Shoals:3 | Noticed Roxanne
 30212 | Shoals:3 | Found Tuegaec's Distillery.
 30233 | Shoals:3 | Bought a potion of cancellation for 112 gold pieces
 30546 | Shoals:3 | Reached XP level 18. HP: 172/172 MP: 21/21
 30753 | Shoals:4 | Entered Level 4 of the Shoals
 30813 | Shoals:4 | Paralysed by an air elemental for 1 turns
 30816 | Shoals:4 | Paralysed by an air elemental for 1 turns
 31008 | Shoals:4 | Paralysed by an air elemental for 1 turns
 31104 | Shoals:4 | Identified the +0 leather armour of the Blessed Realm
                  | {Int+2}
 31268 | Shoals:4 | Identified the +3 hand axe of Understanding {holy, rPois
                  | SInv}
 31415 | Shoals:4 | Reached skill level 19 in Fighting
 31468 | Shoals:4 | Got a barnacled rune of Zot
 31887 | Elf:1    | Entered Level 1 of the Elven Halls
 31955 | Elf:1    | Noticed Jorgrun
 31966 | Elf:1    | Killed Jorgrun
 32151 | Elf:1    | Noticed Kirke
 32163 | Elf:1    | Killed Kirke
 32174 | Elf:1    | Found Ybliesoe's Distillery.
 32292 | Elf:1    | Noticed Zenata
 32306 | Elf:1    | Killed Zenata
 32403 | Elf:1    | Identified the +3 robe "Vadio" {rC+ Will+ Dex+3}
 32634 | Elf:1    | Found Idibb's Distillery.
 32641 | Elf:1    | Bought a potion of haste for 180 gold pieces
 32962 | Elf:2    | Noticed Agnes
 32970 | Elf:1    | Killed Agnes
 32970 | Elf:1    | Paralysed by an air elemental for 1 turns
 33246 | Elf:2    | Reached skill level 20 in Fighting
 33266 | Elf:2    | Noticed Asterion
 33283 | Elf:2    | Killed Asterion
 33423 | Elf:2    | Found Meruoph's Antique Weapon Shoppe.
 33543 | Elf:2    | Found a runed translucent door.
 33573 | Elf:2    | Found a runed translucent door.
 33911 | Elf:3    | Entered Level 3 of the Elven Halls
 33969 | Elf:3    | Identified the +6 war axe "Goblinslayer" {spect, Str+3}
 34403 | Elf:3    | Reached XP level 19. HP: 185/185 MP: 22/22
 34534 | Elf:3    | Identified the +2 battleaxe "Hydrabane" {heavy, rN++ rCorr
                  | Int-2 Dex+4}
 34578 | Elf:3    | Found the ring of the Hare {EV+10}
 34587 | Elf:3    | Identified the amulet of Xom's Passing Interest {RegenMP
                  | Fly Dex+2}
 34591 | Elf:3    | Identified the +5 shortbow of Valour {heavy, rN+ Int-5
                  | Dex+6}
 34671 | Elf:3    | Identified the +0 ring mail of Inaction {-Cast Rampage
                  | rN+++ Regen+ Str-4}
 34952 | Vaults:1 | Entered Level 1 of the Vaults
 37120 | Vaults:2 | Paralysed by a great orb of eyes for 4 turns
 37481 | Vaults:3 | Found a staircase to the Crypt.
 37828 | Vaults:3 | Reached XP level 20. HP: 166/195 MP: 24/24
 37945 | Vaults:3 | Found Zarghud's Antique Weapon Boutique.
 37951 | Vaults:3 | Bought a dazzling arbalest for 266 gold pieces
 37951 | Vaults:3 | Identified the +6 arbalest of Law {flame, Dex+5} (You
                  | bought it in a shop on level 3 of the Vaults)
 38356 | Vaults:3 | Paralysed by a formless jellyfish for 1 turns
 38406 | Vaults:3 | Reached skill level 21 in Fighting
 39994 | Depths:1 | Entered Level 1 of the Depths
 40251 | Depths:1 | Reached skill level 22 in Fighting
 40549 | Depths:1 | Found a flickering gateway to a bazaar.
 40554 | Bazaar   | Entered a bazaar
 40554 | Bazaar   | Found Hehuxu's Armour Boutique.
 40554 | Bazaar   | Found Focyus's Antique Armour Shop.
 40554 | Bazaar   | Found Zoaj Cyd's Antique Weapon Shop.
 40568 | Bazaar   | Bought a runed arbalest for 277 gold pieces
 40702 | Depths:1 | Identified the +3 scale mail of the Fife {Int+5}
 40783 | Depths:1 | Found a gateway to Hell.
 40824 | Depths:1 | Noticed a golden dragon
 40838 | Depths:1 | Killed a golden dragon
 40854 | Depths:1 | Reached skill level 15 in Dodging
 41242 | Depths:1 | Found a one-way gateway to a ziggurat.
 41898 | Depths:2 | Reached XP level 21. HP: 207/207 MP: 25/25
 42210 | Depths:2 | Identified the +4 great mace of Eshrysue {freeze, *Noise
                  | Str+3 Int+5}
 42812 | Depths:2 | Found a one-way gate leading to the halls of Pandemonium.
 42851 | Depths:3 | Found Tengappi's General Store.
 43313 | Depths:3 | Got Buih's Quarto of Bloody Graupel
 43655 | Depths:3 | Bought the +10 arbalest "Nonain" {penet, rN+ Int+3} for
                  | 1023 gold pieces
 43658 | Depths:3 | Found a transporter.
 43661 | Depths:3 | Found a transporter.
 43695 | Depths:3 | Found a transporter.
 43700 | Depths:3 | Found a transporter.
 43749 | Depths:3 | Found a transporter.
 43755 | Depths:3 | Found a transporter.
 44114 | Depths:3 | Found a one-way gate to the infinite horrors of the Abyss.
 44414 | Depths:4 | Entered Level 4 of the Depths
 45068 | Depths:4 | Found Joolirr's Book Shoppe.
 45070 | Depths:4 | Found Barah's Antique Weapon Emporium.
 45072 | Depths:4 | Found Xogujeud's General Store.
 45080 | Depths:4 | Bought a scroll of enchant armour for 150 gold pieces
 45258 | Depths:4 | Found a gate to the Realm of Zot.
 45729 | Crypt:1  | Entered Level 1 of the Crypt
 46052 | Crypt:1  | Reached skill level 15 in Armour
 46226 | Crypt:2  | Noticed Jory
 46239 | Crypt:2  | Killed Jory
 46336 | Crypt:2  | Noticed Bai Suzhen
 46347 | Crypt:2  | Killed Bai Suzhen
 46444 | Crypt:2  | Reached XP level 22. HP: 215/215 MP: 26/26
 46572 | Crypt:2  | Identified the +4 ring mail of Mite {Harm rPois}
 46975 | Crypt:2  | Noticed Saint Roka
 46992 | Crypt:2  | Killed Saint Roka
 47538 | Crypt:3  | Entered Level 3 of the Crypt
 47608 | Crypt:3  | Found a staircase to the Tomb.
 48022 | Crypt:3  | Reached skill level 23 in Fighting
 48163 | Crypt:3  | Got the Elucidation of the Modern Artisans
 48914 | Orc:2    | Bought a tin of tremorstones (2/2) for 920 gold pieces
 49200 | Vaults:5 | Entered Level 5 of the Vaults
 49200 | Vaults:5 | Noticed an ancient lich
 49200 | Vaults:5 | Noticed Margery
 49204 | Vaults:5 | Noticed a dread lich
 49321 | Vaults:5 | Noticed a dread lich
 49345 | Vaults:5 | Killed a dread lich
 49350 | Vaults:5 | Reached skill level 24 in Fighting
 49353 | Vaults:5 | Killed a dread lich
 49521 | Vaults:5 | Identified the +0 pair of gloves of Feytedah {-Tele rC+
                  | Str+5 Int+2}
 49526 | Vaults:5 | Killed an ancient lich
 49561 | Vaults:5 | Identified the +3 scale mail of Valour {Harm rElec Will+
                  | Stlth+}
 49580 | Vaults:5 | Killed Margery
 49624 | Vaults:5 | Reached XP level 23. HP: 232/232 MP: 27/27
 49664 | Vaults:5 | Acquired 689 gold pieces
 49931 | Vaults:5 | Noticed Sojobo
 49942 | Vaults:5 | Killed Sojobo
 49943 | Vaults:5 | Reached skill level 25 in Fighting
 50119 | Vaults:5 | Identified the ring of Darkness {Wiz Str+4 Int+4 Stlth-}
 50160 | Vaults:5 | Identified the ring "Maucka" {rF+ Will+}
 50198 | Vaults:5 | Got a silver rune of Zot
 50401 | Vaults:5 | Identified the amulet "Aply" {Faith Int+3 Dex-5 Slay+2}
 51092 | Zot:1    | Entered Level 1 of the Realm of Zot
 51324 | Depths:4 | Reached skill level 26 in Fighting
 52155 | Zot:1    | Identified the +9 double sword of Incongruity {freeze, rN++
                  | Int+2 Dex+2}
 53481 | Orc:1    | Bought a manual of Evocations for 1040 gold pieces
 53787 | Snake:4  | Bought a wand of roots (5) for 336 gold pieces
 54552 | Zot:2    | Reached XP level 24. HP: 246/247 MP: 27/27
 54610 | Zot:2    | Identified the ring "Nepne" {rPois Int+4 SInv}
 54657 | Zot:2    | Identified the ring "Bygynwiw" {Fire Will+ Int+4 Dex+3
                  | Stlth-}
 54831 | Zot:3    | Found a transporter.
 54831 | Zot:3    | Found a transporter.
 55052 | Zot:3    | Reached skill level 27 in Fighting
 55328 | Zot:3    | Noticed Sackuas's ghost (veteran OgBe)
 55328 | Zot:3    | Noticed Feng's ghost (veteran OgBe)
 55328 | Zot:3    | Noticed Covvyleb's ghost (veteran DrIE)
 55656 | Zot:3    | Found a runed translucent gate.
 55656 | Zot:3    | Found a runed translucent gate.
 55657 | Zot:3    | Found a runed translucent gate.
 55754 | Zot:4    | Noticed a Killer Klown
 55759 | Zot:4    | Killed a Killer Klown
 55760 | Zot:4    | Reached skill level 15 in Evocations
 55873 | Zot:4    | Noticed an orb of fire
 55877 | Zot:4    | Gained mutation: You sometimes lose your temper in combat.
                  | [an orb of fire]
 55883 | Zot:4    | Noticed a shard shrike
 55885 | Zot:4    | Gained mutation: You are weak. (Str -2) [an orb of fire]
 55886 | Zot:4    | Killed an orb of fire
 55899 | Zot:4    | Killed a shard shrike
 55982 | Zot:4    | Identified the +2 trident "Wiale" {venom, Dex+3 Stlth+}
 56788 | Zot:5    | Entered Level 5 of the Realm of Zot
 56969 | Zot:5    | Noticed an orb of fire
 56984 | Zot:5    | Killed an orb of fire
 57554 | Zot:5    | Noticed a dread lich
 57566 | Zot:5    | Noticed a dread lich
 57567 | Zot:5    | Noticed an orb of fire
 57569 | Zot:5    | Gained mutation: You occasionally lose the ability to read
                  | scrolls when taking damage. [an orb of fire]
 57570 | Zot:5    | Killed a dread lich
 57572 | Zot:5    | Noticed an orb of fire
 57704 | Zot:5    | Lost mutation: You sometimes lose your temper in combat.
                  | [potion of mutation]
 57704 | Zot:5    | Lost mutation: You are partially covered in iridescent
                  | scales. (AC +2) [potion of mutation]
 57704 | Zot:5    | Lost mutation: You are weak. (Str -2) [potion of mutation]
 57704 | Zot:5    | Gained mutation: You have a pair of small antennae on your
                  | head. [potion of mutation]
 57704 | Zot:5    | Gained mutation: Your mind is acute. (Int +4, Str/Dex -1)
                  | [potion of mutation]
 57704 | Zot:5    | Gained mutation: You occasionally shout uncontrollably at
                  | your foes. [potion of mutation]
 57704 | Zot:5    | Gained mutation: Your system is resistant to poisons.
                  | (rPois) [potion of mutation]
 57705 | Zot:5    | Lost mutation: Your system is resistant to poisons. (rPois)
                  | [potion of mutation]
 57705 | Zot:5    | Lost mutation: You occasionally lose the ability to read
                  | scrolls when taking damage. [potion of mutation]
 57705 | Zot:5    | Lost mutation: You occasionally shout uncontrollably at
                  | your foes. [potion of mutation]
 57705 | Zot:5    | Gained mutation: You have hidden genetic potential. [potion
                  | of mutation]
 57705 | Zot:5    | Gained mutation: You sometimes lose the ability to drink
                  | potions when taking damage. [potion of mutation]
 57705 | Zot:5    | Lost mutation: You are agile. (Dex +4, Str/Int -1) [potion
                  | of mutation]
 57705 | Zot:5    | Gained mutation: You are agile. (Dex +4, Str/Int -1)
                  | [potion of mutation]
 57706 | Zot:5    | Lost mutation: You have a pair of small antennae on your
                  | head. [potion of mutation]
 57706 | Zot:5    | Lost mutation: You have hidden genetic potential. [potion
                  | of mutation]
 57706 | Zot:5    | Gained mutation: You are frail. (-10% HP) [potion of
                  | mutation]
 57706 | Zot:5    | Gained mutation: You have supernaturally acute eyesight.
                  | (SInv) [potion of mutation]
 57706 | Zot:5    | Gained mutation: You are partially covered in iridescent
                  | scales. (AC +2) [potion of mutation]
 57707 | Zot:5    | Lost mutation: You are agile. (Dex +4, Str/Int -1) [potion
                  | of mutation]
 57707 | Zot:5    | Lost mutation: You are frail. (-10% HP) [potion of
                  | mutation]
 57707 | Zot:5    | Lost mutation: You sometimes lose the ability to drink
                  | potions when taking damage. [potion of mutation]
 57760 | Zot:5    | Killed a dread lich
 57761 | Zot:5    | Noticed a Killer Klown
 57764 | Zot:5    | Noticed an ancient lich
 57766 | Zot:5    | Gained mutation: You are occasionally teleported next to
                  | monsters. [an orb of fire]
 57776 | Zot:5    | Killed an orb of fire
 57777 | Zot:5    | Gained mutation: You are frail. (-10% HP) [an orb of fire]
 57795 | Zot:5    | Gained mutation: You have hidden genetic defects. [an orb
                  | of fire]
 57797 | Zot:5    | Killed an orb of fire
 57809 | Zot:5    | Killed an ancient lich
 57822 | Zot:5    | Reached XP level 25. HP: 117/231 MP: 27/27
 57867 | Zot:5    | Lost mutation: You are occasionally teleported next to
                  | monsters. [potion of mutation]
 57867 | Zot:5    | Lost mutation: You are partially covered in iridescent
                  | scales. (AC +2) [potion of mutation]
 57867 | Zot:5    | Gained mutation: You are agile. (Dex +4, Str/Int -1)
                  | [potion of mutation]
 58036 | Zot:5    | Noticed a dread lich
 58037 | Zot:5    | Got the Orb of Zot
 58037 | Zot:5    | Noticed an orb of fire
 58560 | D:$      | Escaped with the Orb!

Illustrated notes

Levels and vault maps discovered:
D:1:      evilmike_arrival_fibonacci_small, layout_loops_ring, serial_shops,
          nicolae_shop_crystal
D:2:      layout_loops_ring, serial_shops, nicolae_shop_crystal,
          nicolae_shop_crystal, shop_statue, shop_coins, hex_medium,
          uniq_jessica
D:3:      layout_basic, serial_bayou, serial_bayou_crossing,
          serial_bayou_pond_a, serial_bayou_pond_e, serial_bayou_pond_a,
          serial_bayou_lake_a
D:4:      gammafunk_wand_slinger, layout_loops_ring, serial_shops,
          nicolae_lakefront_shop, amcnicky_mini_rare_corridor_liquid
D:5:      minmay_spotlight, layout_basic, mainiacjoe_overflow_brackets,
          zin_academy, temple_doors_e, uniq_ijyb
D:6:      minmay_evil_eye, layout_basic, nicolae_custom_books,
          lexackson_kobold_supper, uniq_blork_the_orc, uniq_jeremiah
D:7:      layout_cave_pods, serial_shops, shop, uniq_prince_ribbit1,
          uniq_menkaure
D:8:      layout_loops_ring, nzn_wu_jian_contemplation, uniq_grum
D:9:      layout_cave_pools, mainiacjoe_overflow_six_doors_small,
          dpeg_lair_monsters
D:10:     layout_long_grid, overflow_temple_1_default,
          nicolae_overflow_two_pavilions, hangedman_abyss_or_decor_stagger
D:11:     layout_stronghold, gammafunk_ghost_hydra_chop,
          nicolae_gozag_cash_rules_everything_around_me, uniq_josephine
D:12:     layout_basic, david_orc_3
D:13:     layout_big_octagon
D:14:     layout_long_grid, hellmonk_vaults_attempted_burglary,
          minmay_misc_feat_rugged
D:15:     gammafunk_depths_entry_grave, layout_basic, nicolae_diode_intersection
Lair:1:   layout_chaotic_city, cheibrodos_lair_caveside_slide,
          chequers_serial_rivers_large_b, grunt_megastairs_3,
          infiniplex_staircase_pool
Lair:2:   layout_long_grid, minmay_shoals_entry_centaurs,
          guppyfry_snake_entry_island, nicolae_quartered_pool_medium,
          uniq_fannar, uniq_amaemon
Lair:3:   layout_cave_pods, gauntlet_entry_generic, eino_house_with_fridge
Lair:4:   layout_gridlike, minmay_slime_entry_oklob_open, serial_bayou_shore_b
Lair:5:   due_jungle_book, layout_cave_pods, chequers_serial_rivers_micro_e,
          serial_bayou_pond_a, grunt_megastairs_5, uniq_snorg, uniq_nessos
Shoals:1: layout_shoals
Shoals:2: layout_shoals, nicolae_shoals_spring_well_temple
Shoals:3: layout_shoals, serial_shops, shop, uniq_polyphemus, uniq_roxanne
Shoals:4: shoals_end_hellmonk_storm_palace [storm_palace_center_square,
          storm_palace_corner_grid, storm_palace_corner_altar,
          storm_palace_corner_altar, storm_palace_corner_grid]
Snake:1:  layout_basic, drop_trap, nicolae_snake_mages_go_home, uniq_azrael,
          uniq_aizul
Snake:2:  layout_rooms, nicolae_coiled_stairwell_up
Snake:3:  layout_concentric_octagons, portal_ice_cave_entry_ice_statue_two,
          nicolae_fountain_basement, uniq_vashnia, uniq_mlioglotl
Snake:4:  grunt_snake_rune_pools, layout_grid_maze, serial_shops, shop,
          uniq_donald
Orc:1:    layout_caves, nicolae_shop_vocational
Orc:2:    st_orc_ogre_mass, layout_diamond_mine, serial_shops, shop
Elf:1:    layout_onion_city, serial_shops, shop, nicolae_take_the_stairs,
          evilmike_minifort, nicolae_elf_m_pinch, uniq_jorgrun, uniq_zenata,
          uniq_kirke
Elf:2:    nicolae_elf_blades_splatter_lattice
          [nicolae_blade_entry_splitting_headache], layout_gridlike,
          serial_shops, nicolae_shop_tiny_real_fake_doors, uniq_agnes,
          uniq_asterion
Elf:3:    elf_hall, layout_loops_cross, serial_sigils_hangedman_shear
Vaults:1: grunt_vaults_bifocal, nicolae_vaults_little_squares_3,
          ontoclasm_vaults_bender, nicolae_vaults_display_case,
          nicolae_vaults_mitosis, nicolae_vaults_six-pack,
          nicolae_vaults_big_ls, hangedman_vaults_cutoff, v_pattern_3,
          vaults_dpeg_emergency_exit, layout_vaults_omnicross
Vaults:2: v_misc_5, hangedman_vaults_unwind, grunt_vaults_twisty,
          vaults_dpeg_ring, hangedman_vaults_locks,
          nicolae_vaults_tetromino_T_2, nicolae_vaults_storage_room_water,
          v_pattern_2, vaults_room_corners, layout_vaults_chaotic_city
Vaults:3: v_misc_16, nicolae_vaults_security_offices_5,
          nicolae_vaults_disjoint_gnomons, nicolae_vaults_theta,
          vaults_room_grid, nicolae_vaults_puzzle_piece,
          nicolae_vaults_storage_closets_1, nicolae_vaults_yaktaur_gun_rack,
          nicolae_vaults_what_the_h, vaults_room_pools, hangedman_vaults_cutoff,
          nicolae_vaults_tetromino_T_1, layout_vaults_omnibox, serial_shops,
          nicolae_shop_trees
Vaults:4: nicolae_vaults_cochlea, hangedman_vaults_corner,
          nicolae_vaults_closet_pinwheel_1, layout_vaults_quadrants
Vaults:5: uniq_margery, uniq_sojobo
Crypt:1:  layout_rooms, uniq_grunn
Crypt:2:  layout_basic, uniq_bai_suzhen, uniq_saint_roka, uniq_jory
Crypt:3:  lightli_unholy_cathedral, layout_chaotic_city
Depths:1: nicolae_hexawheel, layout_basic, enter_ziggurat_d, serial_shops,
          bzr_entry_dummy, roderic_lattice_a, hangedman_tar_grid_catacomb,
          grunt_qazlal_clouds
Depths:2: minmay_the_grid_octo_triangle [minmay_the_grid_octo_fan_narrow,
          minmay_the_grid_octo_prize_square_snowflake,
          minmay_the_grid_octo_toaster], layout_basic, hell_entry,
          nicolae_kite_square_tiling_tiny, pan_entry, nicolae_burly_brawl,
          minmay_staircase_statues
Depths:3: minmay_inside_and_out, layout_cave_shapes, lightli_too_deep,
          serial_shops, shop, abyss_entry_flame_altar, nicolae_two_hexagons,
          grunt_ministairs_12, drop_trap, serial_nicolae_subway,
          nicolae_sub_station_stone, nicolae_sub_station_metal,
          nicolae_sub_station_crystal
Depths:4: evilmike_zot_entry_basic, layout_gridlike, hell_entry,
          grunt_pan_entry_spiral, chequers_serial_rivers_micro_d,
          minmay_crystal_room, minmay_shop_star
Zot:1:    layout_onion, nicolae_rock_paper_scissors, uniq_josephina
Zot:2:    layout_gridlike, st_large_dragon_hoard_2
Zot:3:    layout_misc_corridors, gammafunk_ghost_cemetery, nicolae_diode_stairs
Zot:4:    layout_twisted_circle, hangedman_elemental_grid_stream
Zot:5:    layout_cathedral_of_symmetry

Skill      XL: |  1  2  3  4  5  6  7  8  9 10 11 12 13 14 15 16 17 18 19 20 21 22 23 24 25 |
---------------+----------------------------------------------------------------------------+-----
Ranged Weapons | 4 5 6 7 8 10 12 13 15 17 18 20 21 22 | 22.0
Fighting       | 2 3 4 7 8 10 12 14 16 18 20 22 24 26 27 | 27.0
Dodging        | 4 5 8 10 12 14 16 18 | 18.0
Evocations     | 6 8 10 13 18 | 18.0
Armour         | 8 9 11 12 15 16 18 | 18.1
Stealth        | |  0.8

Action                     |  1- 3 |  4- 6 |  7- 9 | 10-12 | 13-15 | 16-18 | 19-21 | 22-24 | 25-27 || total
---------------------------+-------+-------+-------+-------+-------+-------+-------+-------+-------++-------
   Fire: Shortbow          |   116 |   187 |   587 |   512 |       |       |       |       |       ||  1402
         Orcbow            |       |       |       |   528 |    82 |       |       |       |       ||   610
         Longbow           |       |       |       |       |  1158 |  1588 |  1640 |  1283 |    75 ||  5744
         Arbalest          |       |       |       |       |       |       |    12 |   336 |     5 ||   353
  Throw: Dart              |       |       |       |     6 |       |     5 |       |       |       ||    11
  Evoke: Wand              |       |     4 |     7 |     3 |     9 |     1 |     1 |     7 |       ||    32
         Phial of floods   |       |       |       |       |       |     1 |     2 |     1 |       ||     4
         Tin of tremorston |       |       |       |       |       |       |       |     5 |       ||     5
    Use: Scroll            |     3 |     9 |    12 |     5 |     7 |    10 |     6 |    12 |     1 ||    65
         Potion            |       |       |     1 |       |     3 |     2 |       |     7 |     1 ||    14
 Armour: Leather armour    |     9 |    12 |    76 |       |       |       |       |       |       ||    97
         Troll leather arm |       |       |    30 |   285 |   122 |       |       |       |       ||   437
         Pearl dragon scal |       |       |       |       |    60 |   305 |   159 |   228 |     6 ||   758
         Skin              |       |       |       |       |     3 |       |       |       |       ||     3
  Dodge: Dodged            |    20 |    27 |   216 |   613 |   506 |   540 |  1033 |  1119 |    29 ||  4103

Table legend: (Time is in decaauts)
 A = Elapsed time spent in this place.
 B = Non-inter-level travel time spent in this place.
 C = Inter-level travel time spent in this place.
 D = Time resting spent in this place.
 E = Time spent auto-exploring this place.
 F = Levels seen in this place.
 G = Mean time per level.
                   A        B        C        D        E       F      G
               +--------+--------+--------+--------+--------+-----+--------+
         Total |  58021 |  49695 |   8326 |   5468 |  31285 |  53 | 1094.7 |
       Dungeon |  16070 |  12376 |   3694 |    683 |   9161 |  15 | 1071.3 |
          Lair |   7117 |   6107 |   1010 |    638 |   3281 |   5 | 1423.4 |
        Shoals |   3233 |   3093 |    140 |    410 |   1612 |   4 |  808.2 |
     Snake Pit |   5221 |   4578 |    643 |    773 |   2397 |   4 | 1305.2 |
  Orcish Mines |   1238 |    920 |    318 |      0 |    675 |   2 |  619.0 |
   Elven Halls |   2897 |   2707 |    190 |    173 |   1992 |   3 |  965.7 |
        Vaults |   6819 |   5965 |    854 |    472 |   3937 |   5 | 1363.8 |
         Crypt |   2882 |   2742 |    140 |    296 |   1824 |   3 |  960.7 |
        Depths |   6418 |   5553 |    865 |    922 |   3359 |   4 | 1604.5 |
           Zot |   5342 |   4873 |    469 |    943 |   2661 |   5 | 1068.4 |
        Bazaar |     19 |     19 |      0 |      0 |      8 |   1 |   19.0 |
      Ice Cave |    513 |    513 |      0 |    155 |    169 |   1 |  513.0 |
      Gauntlet |    246 |    246 |      0 |      0 |    207 |   1 |  246.0 |
               +--------+--------+--------+--------+--------+-----+--------+

Top non-repeatable levels by time:
  Lair:5: 1915 daAuts
Depths:1: 1770 daAuts
Depths:4: 1657 daAuts
Depths:2: 1638 daAuts
 Snake:4: 1621 daAuts
 Snake:1: 1587 daAuts
  Lair:4: 1563 daAuts
Vaults:3: 1548 daAuts
Vaults:2: 1526 daAuts
  Lair:1: 1517 daAuts
     D:9: 1468 daAuts
Vaults:5: 1444 daAuts
    D:12: 1386 daAuts
Depths:3: 1352 daAuts
     D:8: 1323 daAuts
